 Dungeon Crawl Stone Soup version 0.30.0-21-gd299b56b3f (webtiles) character file.

Game seed: 1405302243442559728

193 qw the Chopper (level 5, -4/32 HPs)
             Began as a Gargoyle Fighter on June 2, 2023.
             Slain by Duvessa
             ... wielding a +1 short sword of venom
              (7 damage)
             ... on level 3 of the Dungeon.
             The game lasted 00:01:29 (2698 turns).

qw the Chopper (Gargoyle Fighter)                   Turns: 2698, Time: 00:01:30

Health: -4/32      AC: 22    Str: 17    XL:     5   Next: 72%
Magic:  5/5        EV:  4    Int:  8    God:
Gold:   199        SH:  4    Dex: 13    Spells: 4/4 levels left

rFire   + . .        Y - +1 war axe (chaos)
rCold   . . .        c - +0 buckler
rNeg    + . .        j - +6 plate armour of Radid {rF+ Str-5 Dex+4}
rPois   inf          l - +0 helmet
rElec   +            (no cloak)
rCorr   .            (no gloves)
SInv    .            (no boots)
Will    .....        (no amulet) Stlth
                     (no ring)
HPRegen 0.25/turn    (no ring)
MPRegen 0.09/turn

%: no passive effects
@: about to teleport
A: sickness immunity, AC +4, negative energy resistance 1, electricity
resistance, torment resistance 1, petrification resistance
a: no special abilities


You were on level 3 of the Dungeon.
You visited 1 branch of the dungeon, and saw 4 of its levels.

You collected 199 gold pieces.


Innate Abilities, Weirdness & Mutations

You are immune to sickness and miasma.
Your stone body is resilient. (AC +4)
You are immune to poison.
You resist negative energy. (rN+)
You are resistant to electric shocks. (rElec)
You are resistant to unholy torment.
You are immune to petrification.


   Skills:
 + Level 3.2 Fighting
 - Level 5.2 Axes
 - Level 3.2 Armour
 - Level 3.2 Shields


You had 4 spell levels left.
You didn't know any spells.
Your spell library was empty.

Inventory:

Hand Weapons
 g - a +0 flail
 Y - a +1 war axe of chaos (weapon)
Armour
 c - a +0 buckler (worn)
 j - the +6 plate armour of Radid (worn) {rF+ Str-5 Dex+4}
   (You found it on level 2 of the Dungeon)

   Str:       It affects your strength (-5).
   Dex:       It affects your dexterity (+4).
   rF:        It protects you from fire.
 l - a +0 helmet (worn)
Potions
 b - a potion of brilliance {unknown}
 d - 4 potions of might
 e - a potion of magic {unknown}
 h - a potion of haste {unknown}
 i - a potion of curing {unknown}
 k - a potion of resistance {unknown}

Dungeon Overview and Level Annotations

Branches:
Dungeon (4/15)
 Temple: D:4-7

Altars:
Wu Jian

Shops:
D:3 [   D:4 [

Annotations:
D:3 Duvessa
D:4 Sigmund


Message History

Duvessa barely misses you.
You barely miss Duvessa.
Duvessa is severely wounded.
Duvessa hits you but does no damage.
Dowan smirks and points a slender finger.
Duvessa hits you but does no damage.
You hit Dowan. You freeze Dowan.
You kill Dowan!
Duvessa screams, "No!
How DARE you!"
Duvessa goes berserk!
You hit Duvessa. You freeze Duvessa. Duvessa hits you but does no damage. x2
Your Axes skill increases to level 5!
You closely miss Duvessa.
Duvessa is severely wounded.
Duvessa hits you with a +1 short sword of venom.
Duvessa hits you but does no damage.
You hit Duvessa but do no damage.
Duvessa is poisoned.
Duvessa is severely wounded.
Duvessa hits you but does no damage. x2
You completely miss Duvessa.
Duvessa is severely wounded.
Duvessa hits you with a +1 short sword of venom.
You block Duvessa's attack.
You hit Duvessa.
Duvessa is almost dead.
Duvessa hits you with a +1 short sword of venom.
Duvessa hits you but does no damage.
You hit Duvessa but do no damage.
Duvessa is almost dead.
You block Duvessa's attack.
You barely miss Duvessa.
Duvessa is almost dead.
Duvessa hits you but does no damage.
Duvessa hits you with a +1 short sword of venom!
2698 ||| READING scroll of teleportation.
As you read the scroll of teleportation, it crumbles to dust.
You feel strangely unstable. Duvessa hits you but does no damage.
Duvessa hits you with a +1 short sword of venom!
You die...

#.# #.###<#...#.#..~~~~...
#.# #.#####...#.#..~~~~~#.
#.# #.........#.#..~~~~~#.
#.# #######.#.#.#...~~~~~.
#.# #.#.#.#.#.~~~~~. #.#
#.#.#...#..~~~~.
#.#########.#.#.#.##.~~~~~
#.#......e..#.#.#.##.~~~~~
#.#.#...)@..#'#'#.....~~~~
#.#.#.#####.........#.~~~~
#.#.#.................~~~~
#.#.#######.e..>)####~~~~~
#.#.........e...%# #~~~~~
####.##########.....#
##~~~~.
#................#'##
#~~~~~. ##.#...............#
#~~~~~.
#.#..........#########~~~~..


You could see Duvessa (berserk, fast, strong, poisoned).

Vanquished Creatures
  Dowan (D:3)
  Terence (D:3)
  A gnoll (D:3)
  2 adders (D:3)
  4 worms
  7 dart slugs
  5 endoplasms
  2 giant cockroaches
  5 goblins
  9 hobgoblins
  2 jackals (D:1)
  7 kobolds
  3 quokkas
  5 ball pythons
  5 bats
  7 frilled lizards
  4 rats
70 creatures vanquished.

Notes
Turn   | Place    | Note
-------+----------+-------------------------------------------
     0 | D:1      | qw the Gargoyle Fighter began the quest for the Orb.
     0 | D:1      | Reached XP level 1. HP: 14/14 MP: 1/1
     0 | D:1      | 0 ||| qw: Version: 0.2-a-102-gdf20003
     0 | D:1      | 0 ||| qw: Game counter: 802
     0 | D:1      | 0 ||| qw: Always use a shield: true
     0 | D:1      | 0 ||| qw: God list: Okawaru
     0 | D:1      | 0 ||| qw: Allow faded altars: false
     0 | D:1      | 0 ||| qw: Do Orc after D:15 true
     0 | D:1      | 0 ||| qw: Do second Lair branch before Depths: true
     0 | D:1      | 0 ||| qw: Lair rune preference: random
     0 | D:1      | 0 ||| qw: Plans: Normal, Zot:1-4, Slime:5, God:TSO, Crypt,
                  | Tomb, Pan, Hells, Abyss, Win
     0 | D:1      | 0 ||| PLANNING D:1-11
     6 | D:1      | 6 ||| Stepping ~*~*~tactically~*~*~ (stealth).
    14 | D:1      | Reached skill level 2 in Axes
    82 | D:1      | Found a faded altar of an unknown god.
    86 | D:1      | 86 ||| Stepping ~*~*~tactically~*~*~ (hiding).
    88 | D:1      | 88 ||| Stepping ~*~*~tactically~*~*~ (hiding).
    89 | D:1      | 89 ||| Stepping ~*~*~tactically~*~*~ (hiding).
    97 | D:1      | Reached XP level 2. HP: 19/19 MP: 2/2
   246 | D:1      | 246 ||| DROPPING +0 club.
   349 | D:1      | 349 ||| Stepping ~*~*~tactically~*~*~ (stealth).
   455 | D:1      | Reached skill level 3 in Axes
   492 | D:1      | Reached XP level 3. HP: 23/23 MP: 3/3
   520 | D:1      | 520 ||| Stepping ~*~*~tactically~*~*~ (hiding).
   525 | D:1      | 525 ||| Stepping ~*~*~tactically~*~*~ (hiding).
   527 | D:1      | 527 ||| Stepping ~*~*~tactically~*~*~ (hiding).
   651 | D:1      | 651 ||| Stepping ~*~*~tactically~*~*~ (stealth).
   899 | D:1      | 899 ||| READING scroll labelled ODEQEM NUIKLIN.
   900 | D:1      | 900 ||| READING 3 scrolls labelled ETAEKK PIAWI.
   901 | D:1      | 901 ||| READING scroll labelled QOALYL GISEB.
   902 | D:1      | 902 ||| DROPPING 2 scrolls of fear.
  1241 | D:2      | 1241 ||| Stepping ~*~*~tactically~*~*~ (stealth).
  1267 | D:2      | 1267 ||| Stepping ~*~*~tactically~*~*~ (stealth).
  1294 | D:2      | Identified the +6 plate armour of Radid {rF+ Str-5 Dex+4}
  1399 | D:2      | Reached XP level 4. HP: 28/28 MP: 4/4
  1414 | D:2      | 1414 ||| Stepping ~*~*~tactically~*~*~ (stealth).
  1415 | D:2      | 1415 ||| Stepping ~*~*~tactically~*~*~ (stealth).
  1420 | D:2      | 1420 ||| Stepping ~*~*~tactically~*~*~ (stealth).
  1568 | D:2      | 1568 ||| UPGRADING to +6 plate armour of Radid {rF+ Str-5
                  | Dex+4}.
  1578 | D:2      | 1578 ||| DROPPING +0 scale mail.
  1579 | D:2      | 1579 ||| READING scroll labelled JUEFOSS BAUCRU.
  1580 | D:2      | 1580 ||| READING 3 scrolls labelled ZYX SANEJORCHETIGUN.
  1606 | D:3      | Noticed Terence
  1622 | D:3      | Killed Terence
  1623 | D:3      | Reached skill level 4 in Axes
  1876 | D:3      | Found an ornate altar of the Wu Jian Council.
  1932 | D:3      | Reached XP level 5. HP: 26/32 MP: 5/5
  2303 | D:3      | 2303 ||| UPGRADING to +0 helmet.
  2308 | D:3      | 2308 ||| READING scroll labelled FOTODE FUTU.
  2309 | D:3      | 2309 ||| READING scroll labelled KIXKE RU DOR.
  2322 | D:4      | Noticed Duvessa
  2322 | D:4      | Noticed Dowan
  2322 | D:4      | Found Soddurr's Antique Armour Shop.
  2324 | D:4      | 2324 ||| STAIRDANCE
  2381 | D:4      | Noticed Sigmund
  2385 | D:4      | 2385 ||| STAIRDANCE
  2457 | D:4      | 2457 ||| STAIRDANCE
  2457 | D:4      | HP: 7/32 [Duvessa/+1 short sword of venom (3)]
  2561 | D:4      | 2561 ||| STAIRDANCE
  2565 | D:3      | HP: 8/32 [Duvessa/+1 short sword of venom (7)]
  2566 | D:3      | 2566 ||| READING 2 scrolls of teleportation.
  2680 | D:3      | 2680 ||| Stepping ~*~*~tactically~*~*~ (hiding).
  2691 | D:3      | Killed Dowan
  2692 | D:3      | Reached skill level 5 in Axes
  2697 | D:3      | HP: 3/32 [Duvessa/+1 short sword of venom (10)]
  2698 | D:3      | 2698 ||| READING scroll of teleportation.
  2698 | D:3      | Slain by Duvessa

Levels and vault maps discovered:
D:1:      erik_arrival_blinker_ship, layout_loops_ring,
          ebering_ecumenical_altar_ruins, wander_ebering_terrifying_dragon_lair
D:2:      layout_loops_ring
D:3:      wander_river, layout_basic, mainiacjoe_overflow_small_starburst,
          uniq_terence
D:4:      layout_basic, lemuel_doored_altar, nicolae_uskayaw_en_pointe,
          serial_shops, shop, grunt_decor_one_mirror, uniq_duvessa,
          uniq_sigmund, uniq_grinder

Skill      XL: |  1  2  3  4  5 |
---------------+----------------+-----
Axes           | 2 3 4 5 |  5.2
Fighting       | |  3.2
Armour         | |  3.2
Shields        | |  3.2

Action                     |  1- 3 |  4- 6 || total
---------------------------+-------+-------++-------
  Melee: War axe           |   114 |   111 ||   225
    Use: Scroll            |     3 |     6 ||     9
 Armour: Scale mail        |    46 |     3 ||    49
         Plate armour      |       |   101 ||   101
  Dodge: Dodged            |    48 |    24 ||    72
  Block: Buckler           |    19 |    23 ||    42

Table legend:
 A = Non-vault XP
 B = Vault XP
 C = Vault XP percentage of total XP
 D = Non-vault monster count
 E = Vault monster count
 F = Vault count percentage of total count
                 A         B        C        D         E       F
            +---------+---------+-------+---------+---------+-------
      Total |     175 |     102 |  36.8 |      67 |       3 |   4.3
            +---------+---------+-------+---------+---------+-------
        D:1 |      59 |       1 |   1.7 |      32 |       1 |   3.0
        D:2 |      32 |       0 |   0.0 |      13 |       0 |   0.0
        D:3 |      84 |     101 |  54.6 |      22 |       2 |   8.3
            +---------+---------+-------+---------+---------+-------
